 Dungeon Crawl Stone Soup version 0.18.1-48-g4cf74bf (webtiles) character file.

9860 OTRawrior the Geomancer (level 11, -1/62 HPs)
             Began as a Gargoyle Earth Elementalist on Aug 10, 2016.
             Was a Follower of Vehumet.
             Slain by Maud
             ... wielding a +0 demon trident
              (16 damage)
             ... on level 10 of the Dungeon on Aug 13, 2016.
             The game lasted 00:50:37 (13725 turns).

OTRawrior the Geomancer (GrEE)                     Turns: 13725, Time: 00:50:38

Health: -1/62      AC: 14    Str: 16    XL:     11   Next: 53%
Magic:  8/24       EV: 17    Int: 18    God:    Vehumet [*.....]
Gold:   725        SH:  7    Dex: 10    Spells: 3 memorised, 19 levels left

rFire  + . .     SeeInvis .     b - 204 stones
rCold  . . .     Gourm    .     A - +1 robe of Courage {rElec Str+3}
rNeg   + . .     Faith    .     O - +2 buckler
rPois  ∞         Spirit   .     (no helmet)
rElec  +         Dismiss  .     E - +0 cloak
rCorr  .         Reflect  .     C - +0 pair of gloves
SustAt .         Harm     .     f - +0 pair of boots
MR     .....                    k - amulet of regeneration
Stlth  ++........               N - ring of protection from fire
                                h - +4 ring of evasion

@: about to teleport, very slightly contaminated, not resistant to hostile
enchantments, unstealthy
A: negative energy resistance 1, electricity resistance, unbreathing,
petrification resistance, rot immunity, AC +7
a: Renounce Religion


You were on level 10 of the Dungeon.
You worshipped Vehumet.
Vehumet was aware of your devotion.
You were hungry.

You visited 3 branches of the dungeon, and saw 12 of its levels.
You also visited: Sewer and Ossuary.

You collected 725 gold pieces.

Inventory:

Hand Weapons
 o - a +2 long sword of flaming
 w - a +3 mace of freezing
 z - a +0 flail
 L - a +0 dagger of venom
Missiles
 b - 204 stones (in hand)
Armour
 f - a +0 pair of boots (worn)
 A - the +1 robe of Courage (worn) {rElec Str+3}
   (You found it on level 9 of the Dungeon)

   It affects your strength (+3).
   It insulates you from electricity.
 C - a +0 pair of gloves (worn)
 E - a +0 cloak (worn)
 O - a +2 buckler (worn)
Jewellery
 h - a +4 ring of evasion (left hand)
 k - an amulet of regeneration (around neck)
 y - an uncursed ring of see invisible
 N - a ring of protection from fire (right hand)
Wands
 B - a wand of teleportation (3/9)
 K - a wand of disintegration (6/24)
 R - a wand of flame (29/48)
 S - a wand of iceblast (11/15)
Scrolls
 m - 2 scrolls of teleportation
 p - 4 scrolls of recharging
 s - a scroll of enchant armour
 v - a scroll of amnesia {unknown}
 F - a scroll of summoning {unknown}
 G - 7 scrolls of remove curse
 J - a scroll of magic mapping {unknown}
 M - a scroll of silence
 P - a scroll of fear
Potions
 e - 5 potions of curing
 g - 3 potions of berserk rage {unknown}
 i - a potion of invisibility {unknown}
 j - a potion of cancellation {unknown}
 l - a potion of brilliance {unknown}
 r - 5 potions of agility {unknown}
 t - 3 potions of mutation {unknown}
 u - 3 potions of degeneration {unknown}
 x - 2 potions of heal wounds {unknown}
 D - 4 potions of flight
 I - 2 potions of cure mutation {unknown}
Books
 c - a book of Geomancy

   Spells                             Type                      Level
   a - Sandblast                      Earth                        1
   b - Passwall                       Transmutation/Earth          2
   c - Stone Arrow                    Conjuration/Earth            3
   d - Petrify                        Transmutation/Earth          4
   e - Lee's Rapid Deconstruction     Earth                        5
 H - a book of Conjurations

   Spells                             Type                      Level
   a - Magic Dart                     Conjuration                  1
   b - Searing Ray                    Conjuration                  2
   c - Dazzling Spray                 Conjuration/Hexes            3
   d - Fulminant Prism                Conjuration/Hexes            4
   e - Iskenderun's Mystic Blast      Conjuration                  4
   f - Iskenderun's Battlesphere      Conjuration/Charms           5
 T - a book of Misfortune

   Spells                             Type                      Level
   a - Confusing Touch                Hexes                        2
   b - Confuse                        Hexes                        3
   c - Gell's Gravitas                Hexes/Translocation          3
   d - Petrify                        Transmutation/Earth          4
   e - Metabolic Englaciation         Hexes/Ice                    5
   f - Yara's Violent Unravelling     Hexes/Transmutation          5
Comestibles
 d - 10 bread rations
 n - 3 meat rations
 Q - 15 fruits
 U - a royal jelly


   Skills:
 + Level 4.7 Fighting
 + Level 4.8 Maces & Flails
 + Level 4.4 Armour
 + Level 3.8 Dodging
 - Level 2.1 Stealth
 + Level 5.0 Shields
 * Level 9.3 Spellcasting
 + Level 7.4 Conjurations
   Level 0.7 Transmutations
 + Level 9.4 Earth Magic
 + Level 3.5 Evocations


You had 19 spell levels left.
You knew the following spells:

 Your Spells              Type           Power        Failure   Level  Hunger
a - Sandblast             Erth           #####.       1%          1    None
b - Stone Arrow           Conj/Erth      #####.       1%          3    None
c - Lee's Rapid Deconstr  Erth           #####.....   6%          5    #####..


Dungeon Overview and Level Annotations

Branches:
Dungeon (10/15)            Temple (1/1) D:6            Lair (1/8) D:9
    Orc: D:9-12

Altars:
Ashenzari
Cheibriados
Dithmenos
Elyvilon
Fedhas
Gozag
Kikubaaqudgha
Makhleb
Nemelex Xobeh
Okawaru
Pakellas
Qazlal
Ru
Sif Muna
Trog
Vehumet
Xom
Yredelemnul
Zin
The Shining One

Annotations:
D:10 Harold, Maud


Innate Abilities, Weirdness & Mutations

You are resistant to torment.
Your stone body is resilient (AC +7).
You are immune to poison.
You resist negative energy.
You are resistant to electric shocks.
You can survive without breathing.
You are immune to petrification.
You are immune to rotting.


Message History

Maud is moderately wounded.
Maud closely misses you.
Casting: Sandblast
Confirm with . or Enter, or press ? or * to list all spells.
Aiming: Sandblast
Press: ? - help, Shift-Dir - straight line, f/p - Maud
Aim: Maud, wielding a demon trident and wearing a runed plate armour (moderately wounded)
The rocky blast hits Maud.
Maud is moderately wounded.
Maud hits you from afar with a demon trident!
* * * LOW HITPOINT WARNING * * *
Read which item? (? for menu, Esc to quit)
Okay, then.
Eat which item? (? for menu, Esc to quit)
Okay, then.
Read which item? (? for menu, Esc to quit)
As you read the scroll of teleportation, it crumbles to dust.
You feel strangely unstable.
Maud hits you from afar with a demon trident!
You die...

#... .# ...#.
#...
##.########
#..<.......
#.#.########
##.##
##.######.##
##.@.@.......
#.########.#.
.........#
##.#####5# .#
.. ..# .%#
..#


You could see Maud.

Vanquished Creatures
  Joseph (D:7)
  2 spiny frogs (Lair:1)
  A komodo dragon (Lair:1)
  2 polar bears (Lair:1)
  Prince Ribbit (D:9)
  13 yaks (Lair:1)
  A hungry ghost (D:7)
  4 humans (Lair:1)
  A hippogriff (D:8)
  3 water moccasins
  3 porcupines (Lair:1)
  2 orc warriors
  3 sky beasts
  A phantom (D:5)
  4 ice beasts
  2 black bears
  4 ogres
  5 centaurs
  A crocodile (Lair:1)
  A big kobold (D:8)
  2 giant frogs
  4 water moccasin zombies (Ossuary)
  A scorpion (D:9)
  6 killer bees (D:9)
  2 jellies (D:9)
  5 wights (D:8)
  3 howler monkeys (D:7)
  A giant frog zombie (D:8)
  3 crimson imps
  2 centaur zombies
  3 quasits
  Crazy Yiuf (D:6)
  6 hounds
  A giant frog skeleton (D:5)
  7 orc priests
  9 orc wizards
  Jessica (Lair:1)
  2 iguanas
  A siren (Sewer)
  6 worker ants
  A merfolk avatar (Sewer)
  2 big kobold zombies (Ossuary)
  2 hound zombies
  3 mummies
  A howler monkey skeleton (D:8)
  9 adders
  9 river rats (Lair:1)
  3 shadow imps
  3 oozes
  An adder skeleton (D:7)
  4 adder zombies (Ossuary)
  4 worms
  2 dart slugs (D:1)
  8 giant geckos
  35 orcs
  4 bats
  8 giant cockroaches
  5 hobgoblins
  10 jackals
  13 kobolds
  5 quokkas
  5 ball pythons
  18 giant newts
  4 gnoll zombies (Ossuary)
  9 goblins
  A goblin zombie (D:7)
  4 hobgoblin zombies (Ossuary)
  3 jackal skeletons
  7 kobold zombies (Ossuary)
  8 orc zombies
  31 rats
343 creatures vanquished.

Vanquished Creatures (others)
  A quokka (D:7)
  A fungus (Lair:1)
2 creatures vanquished.

Grand Total: 345 creatures vanquished

Notes
Turn   | Place    | Note
--------------------------------------------------------------
     0 | D:1      | OTRawrior the Gargoyle Earth Elementalist began the quest for the Orb.
     0 | D:1      | Reached XP level 1. HP: 10/10 MP: 3/3
   325 | D:1      | Reached XP level 2. HP: 11/15 MP: 3/5
   553 | D:1      | Reached XP level 3. HP: 19/19 MP: 4/7
   560 | D:1      | Learned a level 3 spell: Stone Arrow
  1297 | D:2      | Found a shimmering altar of Xom.
  1442 | D:2      | Found a glowing silver altar of Zin.
  1442 | D:2      | Found a snail-covered altar of Cheibriados.
  1444 | D:2      | Found a shadowy altar of Dithmenos.
  1521 | D:2      | Reached XP level 4. HP: 24/24 MP: 6/8
  1664 | D:2      | Found a stormy altar of Qazlal.
  1665 | D:2      | Noticed a water elemental
  1666 | D:2      | Noticed an air elemental
  1666 | D:2      | Noticed a fire elemental
  1666 | D:2      | Noticed an earth elemental
  2195 | D:3      | Reached skill level 1 in Conjurations
  2488 | D:3      | Reached XP level 5. HP: 23/28 MP: 10/10
  2498 | D:3      | Learned a level 5 spell: Lee's Rapid Deconstruction
  2502 | D:3      | Found a burning altar of Makhleb.
  2502 | D:3      | Noticed a blizzard demon
  2688 | D:4      | Found a deep blue altar of Sif Muna.
  2999 | D:4      | Reached skill level 5 in Earth Magic
  3307 | D:4      | Reached XP level 6. HP: 30/32 MP: 3/12
  3811 | D:4      | Reached skill level 5 in Spellcasting
  3811 | D:4      | Reached XP level 7. HP: 36/36 MP: 7/14
  4029 | D:5      | Entered Level 5 of the Dungeon
  4360 | D:5      | Reached XP level 8. HP: 24/41 MP: 10/17
  4430 | D:5      | Found a glowing drain.
  4443 | Sewer    | Entered a sewer
  5946 | D:6      | Reached skill level 5 in Conjurations
  6062 | D:6      | Found a staircase to the Ecumenical Temple.
  6074 | Temple   | Entered the Ecumenical Temple
  6427 | D:6      | Noticed Crazy Yiuf
  6434 | D:6      | Killed Crazy Yiuf
  6602 | D:7      | Found a white marble altar of Elyvilon.
  6666 | D:7      | Noticed Joseph
  6675 | D:7      | Found a sand-covered staircase.
  6722 | Ossuary  | Entered an ossuary
  7275 | Ossuary  | Reached skill level 1 in Shields
  7423 | Ossuary  | Reached skill level 1 in Maces & Flails
  7658 | Ossuary  | Reached XP level 9. HP: 46/46 MP: 13/19
  7689 | Ossuary  | Reached skill level 1 in Armour
  7748 | D:7      | Killed Joseph
  7748 | D:7      | Reached skill level 1 in Fighting
  7748 | D:7      | Reached skill level 1 in Evocations
  8052 | D:7      | Found a sparkling altar of Nemelex Xobeh.
  8281 | D:7      | Found an iron altar of Okawaru.
  9174 | D:8      | Reached XP level 10. HP: 55/55 MP: 13/22
  9380 | D:8      | Found an oddly glowing altar of Pakellas.
 10213 | D:9      | Found a staircase to the Lair.
 10284 | D:9      | Got a faintly glowing robe
 10387 | D:9      | You fall through a shaft!
 10387 | D:10     | Entered Level 10 of the Dungeon
 10544 | D:10     | Noticed Harold
 10821 | D:9      | Found a radiant altar of Vehumet.
 10837 | D:9      | Became a worshipper of Vehumet
 11016 | D:9      | Noticed Prince Ribbit
 11033 | D:9      | Killed Prince Ribbit
 11424 | D:9      | Found a blossoming altar of Fedhas.
 11535 | Lair:1   | Entered Level 1 of the Lair of Beasts
 11606 | Lair:1   | Identified the +1 robe of Courage {rElec Str+3} (You found it on level 9 of the Dungeon)
 11692 | Lair:1   | Noticed Jessica
 11695 | Lair:1   | Killed Jessica
 12048 | Lair:1   | Reached XP level 11. HP: 59/61 MP: 16/23
 12282 | Lair:1   | Reached * piety under Vehumet
 12282 | Lair:1   | Offered knowledge of Flame Tongue by Vehumet.
 13146 | Lair:1   | HP: 2/62 [polar bear (22)]
 13156 | Lair:1   | HP: 1/62 [polar bear (6)]
 13380 | Lair:1   | Reached skill level 5 in Shields
 13709 | D:10     | Noticed Maud
 13725 | D:10     | Slain by Maud

Skill      XL: |  1  2  3  4  5  6  7  8  9 10 11 |
---------------+----------------------------------+-----
Earth Magic    | 4 5 6 7 8 9 |  9.4
Spellcasting   | 3 4 5 6 7 8 9 |  9.3
Conjurations   | 1 2 3 4 5 6 7 |  7.4
Shields        | 1 3 4 5 |  5.0
Maces & Flails | 1 2 4 |  4.8
Armour         | 2 4 |  4.4
Fighting       | 2 4 |  4.7
Dodging        | 2 3 |  3.8
Evocations     | 2 3 |  3.5
Stealth        | |  2.1
Transmutations | |  0.7

Action                   |  1- 3 |  4- 6 |  7- 9 | 10-12 || total
-------------------------+-------+-------+-------+-------++-------
Melee: Unarmed           |    28 |       |       |       ||    28
       Long sword        |     2 |    60 |       |    10 ||    72
       Flail             |       |    11 |   162 |       ||   173
       Mace              |       |       |    12 |   232 ||   244
 Cast: Sandblast         |    63 |    85 |   291 |   132 ||   571
       Stone Arrow       |       |     5 |    18 |    56 ||    79
       Lee's Rapid Decon |       |       |    28 |    32 ||    60
Evoke: Wand              |       |       |       |     2 ||     2
  Use: Scroll            |       |     3 |     9 |     9 ||    21
       Potion            |       |     1 |       |     1 ||     2
 Stab: Sleeping          |       |     2 |     1 |       ||     3
  Eat: Chunk             |     2 |     8 |    13 |    22 ||    45
       Pizza             |       |       |     4 |       ||     4
       Beef jerky        |       |       |     2 |       ||     2
       Meat ration       |       |       |     1 |       ||     1
Armor: Robe              |    20 |    32 |   158 |   149 ||   359
Dodge: Dodged            |    59 |    86 |   294 |   324 ||   763
Block: Buckler           |       |       |       |     1 ||     1
